 Dungeon Crawl Stone Soup version 0.18-a0-1203-gbde16db (webtiles) character file.

77 Duffy the Chopper (level 4, 0/39 HPs)
             Began as a Hill Orc Fighter on Jan 31, 2016.
             Slain by a ball python (1 damage)
             ... on level 2 of the Dungeon.
             The game lasted 00:00:53 (993 turns).

Duffy the Chopper (Hill Orc Fighter)                 Turns: 993, Time: 00:00:53

Health: 0/39       AC:  6    Str: 19    XL:     4   Next: 33%
Magic:  4/4        EV:  4    Int:  8    God:
Gold:   26         SH:  9    Dex: 10    Spells: 0 memorised, 3 levels left

rFire  . . .     SeeInvis .     a - +0 war axe
rCold  . . .     Gourm    .     b - +0 scale mail
rNeg   . . .     Faith    .     c - +0 shield
rPois  .         Spirit   .     (no helmet)
rElec  .         Dismiss  .     (no cloak)
rCorr  .         Reflect  .     (no gloves)
SustAt .         Harm     .     (no boots)
MR     .....                    (no amulet)
Stlth  ..........               (no ring)
                                (no ring)

@: lethally poisoned (0 -> -3), constricted, not resistant to hostile
enchantments, extremely unstealthy
A: no striking features
a: no special abilities


You were on level 2 of the Dungeon.
You were hungry.

You visited 1 branch of the dungeon, and saw 2 of its levels.

You collected 26 gold pieces.


   Skills:
 - Level 3.6 Fighting
 + Level 5.9 Axes
 - Level 3.2 Armour
 - Level 3.2 Shields


You had 3 spell levels left.
You didn't know any spells.

Inventory:

Hand Weapons
 a - a +0 war axe (weapon)
Missiles
 h - a throwing net (quivered)
Armour
 b - a +0 scale mail (worn)
 c - a +0 shield (worn)
Scrolls
 e - a scroll of random uselessness {unknown}
 g - a scroll of remove curse {unknown}
 k - a scroll of teleportation {unknown}
Potions
 d - a potion of might
 j - a potion of brilliance {unknown}
Comestibles
 f - a bread ration
 i - a beef jerky

Dungeon Overview and Level Annotations

Branches:
Dungeon (2/15)

Altars:

Annotations:
D:2 Robin


Message History

You block the adder's attack. The adder bites you.
You are lethally poisoned!
The adder poisons you!
You slash the adder!
You kill the adder!
You feel sick.
You closely miss the adder.
The adder is heavily wounded.
You feel sick. The adder bites you. You block the adder's attack.
You completely miss the adder.
The adder is heavily wounded.
The adder barely misses you. The adder closely misses you.
You slash the adder!
You kill the adder!
You feel sick.
Robin roars a battlecry!
You hear a shout!
You completely miss the ball python.
The ball python is moderately wounded.
The ball python bites you but does no damage.
The ball python grabs you. The ball python constricts you.
The ball python bites you but does no damage.
The ball python constricts you.
You closely miss the ball python.
The ball python is moderately wounded.
You feel sick.
The ball python bites you but does no damage.
The ball python constricts you.
A goblin comes into view. It is wielding a dagger.
You closely miss the ball python.
The ball python is moderately wounded.
The ball python bites you but does no damage.
The ball python constricts you.
The ball python bites you but does no damage.
You die...

#.(...<# #......#
#......# #......#
#......# #.(...)#
#......###
#........#######..
#####...gS@.......
##.g########..
##..# #SS######..
##..........
##...........
#[...).......
#...)........
#............


You could see Robin, a goblin (frenzied) and a ball python.

Action                   |  1- 3 |  4- 6 || total
-------------------------+-------+-------++-------
Melee: War axe           |   113 |    13 ||   126

Notes
Turn   | Place    | Note
--------------------------------------------------------------
     0 | D:1      | Duffy the Hill Orc Fighter began the quest for the Orb.
     0 | D:1      | Reached XP level 1. HP: 19/19 MP: 1/1
    71 | D:1      | Reached skill level 3 in Axes
   107 | D:1      | Reached XP level 2. HP: 23/26 MP: 2/2
   342 | D:1      | Reached skill level 4 in Axes
   353 | D:1      | Reached XP level 3. HP: 22/31 MP: 3/3
   610 | D:1      | Reached skill level 5 in Axes
   962 | D:2      | Noticed Robin
   970 | D:2      | Reached XP level 4. HP: 26/39 MP: 4/4
   993 | D:2      | Slain by a ball python

Vault maps used:
D:1:      dpeg_arrival_erosion
D:2:      kennysheep_okawaru_gauntlet, uniq_robin

Vanquished Creatures
  A gnoll
  2 adders
  An ooze
  6 giant cockroaches
  13 goblins
  7 hobgoblins
  3 bats
  3 giant newts
  A kobold
  6 rats
43 creatures vanquished.
